 Dungeon Crawl Stone Soup version 0.17.1-3-g152610e (webtiles) character file.

3311 Nekros the Thaumaturge (level 9, 0/45 HPs)
             Began as a Deep Elf Wizard on Apr 26, 2016.
             Was a Follower of Sif Muna.
             Slain by an orc warrior
             ... wielding a +0 war axe
              (23 damage)
             ... on level 9 of the Dungeon.
             The game lasted 03:19:23 (13607 turns).

Nekros the Thaumaturge (Deep Elf Wizard)           Turns: 13607, Time: 03:19:23

Health: 0/45       AC:  7    Str:  3    XL:     9   Next: 70%
Magic:  0/27       EV: 17    Int: 32    God:    Sif Muna [*.....]
Gold:   468        SH:  0    Dex: 17    Spells: 7 memorised, 15 levels left

rFire  . . .     SeeInvis .     L - staff of energy
rCold  + . .     Clarity  .     H - +2 robe {rC+}
rNeg   . . .     SustAt   .     (no shield)
rPois  .         Gourm    .     b - +1 hat
rElec  .         Spirit   .     (no cloak)
rCorr  .         Warding  .     (no gloves)
rMut   .         Stasis   .     (no boots)
MR     +....                    (no amulet)
Stlth  +++.......               v - ring of the Special Lives {Wiz Str-3 Dex+4 Slay+2}
                                C - +2 ring of strength

@: brilliant, somewhat resistant to hostile enchantments, fairly stealthy
A: thin metallic scales 1, breathe flames 1, magic resistance 1
a: Channel Energy, Renounce Religion, Breathe Fire


You were on level 9 of the Dungeon.
You worshipped Sif Muna.
Sif Muna was aware of your devotion.
You were not hungry.

You visited 2 branches of the dungeon, and saw 10 of its levels.

You collected 468 gold pieces.

Inventory:

Hand Weapons
 s - a +5 scythe of protection
 A - a +2 dire flail of venom
 J - a +1 rapier of venom
Armour
 b - a +1 hat (worn)
 o - a +0 pair of gloves
 t - a +0 robe
 H - a +2 robe of cold resistance (worn)
Magical Staves
 L - an uncursed staff of energy (weapon)
 T - an uncursed staff of death
Jewellery
 f - an uncursed ring of teleportation
 i - an uncursed ring of fire
 v - the ring of the Special Lives (right hand) {Wiz Str-3 Dex+4 Slay+2}
   (You found it on level 4 of the Dungeon)

   [ring of wizardry]

   It improves your spell success rate.
   It affects your strength (-3).
   It affects your dexterity (+4).
   It affects your accuracy and damage with ranged weapons and melee attacks
   (+2).
 C - a +2 ring of strength (left hand)
Wands
 n - a wand of fireball (6)
 r - a wand of teleportation (5)
 u - a wand of lightning (6)
 B - a wand of slowing (9)
 F - a wand of random effects (12)
 G - a wand of confusion (26)
 I - a wand of confusion (36)
 K - a wand of fire (4)
Scrolls
 p - 5 scrolls of remove curse
 q - 2 scrolls of teleportation
 x - a scroll of magic mapping
 y - 2 scrolls of fog
 E - 2 scrolls of identify
 N - a scroll of noise
Potions
 e - 2 potions of brilliance
 l - a potion of berserk rage
 m - a potion of resistance
 z - a potion of degeneration
 M - a potion of might
 P - a potion of haste
 Q - a potion of cancellation {unknown}
Books
 a - a Fen Folio

   Spells                             Type                      Level
   a - Corpse Rot                     Necromancy                   2
   b - Stone Arrow                    Conjuration/Earth            3
   c - Leda's Liquefaction            Hexes/Earth                  4
   d - Summon Forest                  Summoning/Translocation      5
   e - Hydra Form                     Transmutation                6
   f - Summon Hydra                   Summoning                    7
 c - a book of Minor Magic

   Spells                             Type                      Level
   a - Magic Dart                     Conjuration                  1
   b - Blink                          Translocation                2
   c - Call Imp                       Summoning                    2
   d - Repel Missiles                 Charms/Air                   2
   e - Slow                           Hexes                        2
   f - Conjure Flame                  Conjuration/Fire             3
   g - Mephitic Cloud                 Conjuration/Poison/Air       3
 j - a book of Air

   Spells                             Type                      Level
   a - Shock                          Conjuration/Air              1
   b - Swiftness                      Charms/Air                   2
   c - Repel Missiles                 Charms/Air                   2
   d - Static Discharge               Conjuration/Air              3
   e - Lightning Bolt                 Conjuration/Air              5
 w - a book of Death

   Spells                             Type                      Level
   a - Corpse Rot                     Necromancy                   2
   b - Sublimation of Blood           Necromancy                   2
   c - Agony                          Necromancy                   5
   d - Dispel Undead                  Necromancy                   5
   e - Excruciating Wounds            Charms/Necromancy            5
   f - Bolt of Draining               Conjuration/Necromancy       5
Comestibles
 d - 7 bread rations
 g - 6 meat rations
 h - 2 royal jellies
 D - 4 slices of pizza


   Skills:
 - Level 0.5 Polearms
 + Level 7.3 Dodging
 - Level 4.5 Stealth
 * Level 12.0 Spellcasting
 + Level 6.4 Conjurations
 * Level 6.3 Summonings
 - Level 1.1 Translocations


You had 15 spell levels left.
You knew the following spells:

 Your Spells              Type           Power        Failure   Level  Hunger
a - Magic Dart            Conj           ####         1%          1    None
b - Blink                 Tloc           N/A          1%          2    None
c - Call Imp              Summ           ######..     1%          2    None
d - Mephitic Cloud        Conj/Pois/Air  ######..     1%          3    None
e - Swiftness             Chrm/Air       #####...     1%          2    None
g - Lightning Bolt        Conj/Air       ######....   2%          5    None
h - Sublimation of Blood  Necr           #####.....   1%          2    None


Dungeon Overview and Level Annotations

Branches:
Dungeon (9/15)             Temple (1/1) D:6
   Lair: D:8-11         Orc: D:9-12

Altars:
Ashenzari
Cheibriados
Dithmenos
Fedhas
Gozag
Kikubaaqudgha
Makhleb
Okawaru
Qazlal
Sif Muna
Trog
Xom
Zin
The Shining One

Shops:
D:5 (

Annotations:
D:6 Menkaure


Innate Abilities, Weirdness & Mutations

You are partially covered in thin metallic scales (AC +2).
You can breathe flames.
You are resistant to hostile enchantments.


Message History

The orc warrior resists with some effort.
Evoking this partially-identified wand wasted a few charges.
The worker ant misses your crimson imp. What do you say? t - Shout!
Orders for allies: a - Attack new target. p - Attack previous target. r - Retreat! s - Stop attacking. w - Wait here. f - Follow me.
Anything else - Stay silent.
Gang up on whom?
Press: ? - help, Dir - move target cursor, f/p - orc warrior
Aim: an orc warrior, wielding a war axe and wearing a chain mail (almost dead) Attack!
The worker ant misses your crimson imp.
You have got your breath back.
Casting: Magic Dart
Confirm with . or Enter, or press ? or * to list all spells.
A beastly little devil appears in a puff of flame.
The orc warrior hits you with a war axe!!
Ouch! That really hurt!
You die...

...# #....# #.................
#.#####....# #.................
#.###....# #....#####'####+#.
#...#....# #....#...'...#..#.
#...'....# #....#...#...#..#.
###+#....#######....#####.###....
.....ยง.....#...#.5....###.#....##
......)....#...#......#...'....#
...........a...#@.....#...#....#
...........#...#o.....#.###....#
#######....#.5.#....##### ####...
..# #....#...#....# +... ..#
#....#...#....# #... ..#
#....###'#....# #... #
#######..5..### ### # #...#.<...#
# #...#.....#


You could see an orc warrior and 2 friendly crimson imps.

Vanquished Creatures
  A two-headed ogre (D:9)
  Duvessa (D:5)
  An ice beast (D:8)
  A sky beast (D:9)
  A gnoll sergeant (D:7)
  3 giant frogs
  2 scorpions
  2 killer bees (D:9)
  A hound (D:6)
  2 centaur zombies (D:9)
  A jelly (D:6)
  An orc priest (D:8)
  An iguana (D:9)
  2 worker ants
  Natasha (D:3)
  4 orc wizards
  3 adders
  3 gnolls
  A worm zombie (D:5)
  A worm (D:3)
  A giant gecko (D:3)
  17 orcs
  20 hobgoblins
  12 kobolds
  3 quokkas
  2 ball pythons
  5 bats
  11 giant cockroaches
  6 giant newts
  18 goblins
  8 jackals
  14 rats
150 creatures vanquished.

Vanquished Creatures (collateral kills)
  Pikel (D:7)
  A centaur skeleton (D:6)
  Grinder (D:3)
  Prince Ribbit (D:5)
  A two-headed ogre (D:9)
  Sigmund (D:3)
  Edmund (D:5)
  An orc warrior (D:8)
  2 ice beasts (D:6)
  3 sky beasts
  A slave (D:7)
  An ogre (D:5)
  A phantom (D:7)
  Dowan (D:5)
  3 giant frogs
  A gnoll sergeant (D:8)
  A crimson imp (D:8)
  A hound (D:6)
  2 centaur zombies
  4 orc priests
  2 giant frog skeletons
  Terence (D:2)
  An orc wizard (D:6)
  A worker ant (D:7)
  2 worker ant zombies
  7 gnolls
  5 adders
  Natasha (twice) (D:3)
  2 shadow imps (D:5)
  2 worms (D:2)
  2 giant geckos
  12 orcs
  A jackal (D:2)
  A bat (D:3)
  A giant cockroach (D:3)
  8 goblins
  A kobold (D:2)
  2 rats
82 creatures vanquished.

Vanquished Creatures (others)
  A slave (D:7)
  A killer bee (D:9)
  An iguana (D:7)
  An adder (D:7)
  2 orcs (D:7)
  A hobgoblin (D:7)
  A kobold (D:7)
8 creatures vanquished.

Grand Total: 240 creatures vanquished

Notes
Turn   | Place    | Note
--------------------------------------------------------------
     0 | D:1      | Nekros the Deep Elf Wizard began the quest for the Orb.
     0 | D:1      | Reached XP level 1. HP: 10/10 MP: 7/7
   304 | D:1      | Reached XP level 2. HP: 15/15 MP: 1/9
   308 | D:1      | Learned a level 2 spell: Blink
   311 | D:1      | Learned a level 2 spell: Call Imp
   924 | D:1      | Reached skill level 5 in Spellcasting
  1047 | D:1      | Reached XP level 3. HP: 11/19 MP: 1/11
  1708 | D:2      | Gained mutation: You can breathe flames. [potion of mutation]
  1708 | D:2      | Gained mutation: You are partially covered in thin metallic scales (AC +2). [potion of mutation]
  1708 | D:2      | Gained mutation: You are resistant to hostile enchantments. [potion of mutation]
  2275 | D:2      | Reached XP level 4. HP: 24/24 MP: 3/13
  2772 | D:2      | Noticed Terence
  2808 | D:2      | Killed Terence
  2894 | D:2      | Reached skill level 6 in Spellcasting
  3290 | D:3      | Noticed Sigmund
  3290 | D:3      | Reached XP level 5. HP: 28/28 MP: 3/15
  3299 | D:3      | Killed Sigmund
  3401 | D:3      | Learned a level 3 spell: Mephitic Cloud
  3529 | D:3      | Noticed Grinder
  3581 | D:3      | Killed Grinder
  3581 | D:3      | Reached skill level 7 in Spellcasting
  3581 | D:3      | Reached XP level 6. HP: 32/32 MP: 1/18
  4157 | D:3      | Noticed Natasha
  4183 | D:3      | Killed Natasha
  4269 | D:3      | Found a glowing golden altar of the Shining One.
  4485 | D:3      | Noticed Natasha
  4515 | D:3      | Killed Natasha
  5013 | D:3      | Noticed Natasha
  5028 | D:3      | Killed Natasha
  5340 | D:4      | Got a translucent platinum ring
  5350 | D:4      | Identified the ring of the Special Lives {Wiz Str-3 Dex+4 Slay+2} (You found it on level 4 of the Dungeon)
  5670 | D:5      | Entered Level 5 of the Dungeon
  5670 | D:5      | Noticed Duvessa
  5670 | D:5      | Noticed Dowan
  5804 | D:5      | Noticed Prince Ribbit
  5814 | D:5      | Killed Prince Ribbit
  5814 | D:5      | Reached skill level 8 in Spellcasting
  5814 | D:5      | Reached XP level 7. HP: 36/36 MP: 7/20
  6062 | D:5      | Noticed Edmund
  6143 | D:5      | Killed Edmund
  6164 | D:5      | Found Ostibb's Antique Weapon Shop.
  6456 | D:5      | Killed Duvessa
  6465 | D:5      | Killed Dowan
  6465 | D:5      | Reached skill level 5 in Dodging
  6635 | D:5      | Identified 3 scrolls of acquirement
  6984 | D:5      | Learned a level 2 spell: Swiftness
  7051 | D:5      | Learned a level 5 spell: Summon Forest
  7233 | D:5      | Learned a level 5 spell: Lightning Bolt
  7236 | D:5      | Learned a level 2 spell: Sublimation of Blood
  7676 | D:6      | Reached skill level 9 in Spellcasting
  7899 | D:6      | Found a staircase to the Ecumenical Temple.
  8006 | D:6      | Reached XP level 8. HP: 41/41 MP: 19/23
  8254 | D:6      | Noticed Menkaure
  8310 | D:6      | Noticed a centaur skeleton
  8483 | D:6      | Killed a centaur skeleton
  9086 | D:7      | Reached skill level 5 in Conjurations
  9092 | D:7      | Noticed Pikel
  9210 | D:7      | Killed Pikel
  9210 | D:7      | Reached skill level 10 in Spellcasting
  9797 | D:7      | Reached XP level 9. HP: 41/45 MP: 20/25
 10751 | Temple   | Entered the Ecumenical Temple
 10773 | Temple   | Became a worshipper of Sif Muna the Loreminder
 10962 | D:8      | Reached skill level 11 in Spellcasting
 11014 | D:8      | Reached skill level 5 in Summonings
 12058 | D:9      | Found a shadowy altar of Dithmenos.
 12353 | D:9      | Lost strength.
 12418 | D:9      | Lost strength.
 12691 | D:9      | Lost strength.
 12724 | D:9      | Lost strength.
 12812 | D:9      | Reached * piety under Sif Muna
 13502 | D:9      | Found a shattered altar of Ashenzari.
 13581 | D:9      | Reached skill level 12 in Spellcasting
 13607 | D:9      | Slain by an orc warrior

Action                   |  1- 3 |  4- 6 |  7- 9 || total
-------------------------+-------+-------+-------++-------
Melee: Short sword       |    12 |       |       ||    12
       Scythe            |       |     8 |    26 ||    34
       Staff             |       |       |     2 ||     2
 Cast: Magic Dart        |    96 |   112 |   227 ||   435
       Blink             |     8 |     2 |    45 ||    55
       Call Imp          |     8 |    52 |   140 ||   200
       Mephitic Cloud    |       |     2 |    34 ||    36
       Sublimation of Bl |       |       |     3 ||     3
       Summon Forest     |       |       |     3 ||     3
       Swiftness         |       |       |     5 ||     5
       Lightning Bolt    |       |       |     4 ||     4
 Abil: Breathe Fire      |     2 |     1 |     9 ||    12
Evoke: Wand              |       |       |     5 ||     5
  Use: Potion            |     3 |     6 |    19 ||    28
       Scroll            |     2 |    10 |    16 ||    28
  Eat: Meat ration       |     1 |     2 |     3 ||     6
       Chunk             |       |     1 |       ||     1
       Bread ration      |       |       |     3 ||     3
